 Dungeon Crawl Stone Soup version 0.23-a0-183-gf37f6fb (webtiles) character file.

4947 Gildeon the Cleaver (level 10, -6/74 HPs)
             Began as a Minotaur Fighter on Sept 23, 2018.
             Was an Elder of Hepliaklqana.
             Killed by divine providence
             ... invoked by an orc priest
              (15 damage)
             ... on level 9 of the Dungeon.
             The game lasted 00:26:08 (7904 turns).

Gildeon the Cleaver (Minotaur Fighter)              Turns: 7904, Time: 00:26:09

Health: -6/74      AC: 16    Str: 31    XL:     10   Next: 28%
Magic:  12/12      EV:  6    Int: 10    God:    Hepliaklqana [****..]
Gold:   426        SH: 22    Dex: 11    Spells: 10/11 levels left

rFire    . . .     SeeInvis .   a - +4 war axe (elec)
rCold    . . .     Gourm    .   b - +0 large shield
rNeg     . . .     Faith    .   B - +2 plate armour {MR+}
rPois    .         Spirit   .   (helmet restricted)
rElec    .         Reflect  +   l - +0 cloak
rCorr    .         Harm     .   (no gloves)
MR       +....                  q - +0 pair of boots
Stlth    ..........             h - +4 amulet of reflection
HPRegen  0.22/turn              G - +5 ring of intelligence
MPRegen  0.13/turn              F - +3 ring of strength

@: mighty
A: retaliatory headbutt, reduced essence, horns 2
a: Recall Ancestor, Ancestor Identity, Transference, Idealise, Renounce Religion


You were on level 9 of the Dungeon.
You worshipped Hepliaklqana.
Hepliaklqana was greatly pleased with you.
You were not hungry.

You visited 2 branches of the dungeon, and saw 10 of its levels.

You collected 426 gold pieces.

Inventory:

Hand Weapons
 a - a +4 war axe of electrocution (weapon)
 t - a +0 trident of flaming
Armour
 b - a +0 large shield (worn)
 l - a +0 cloak (worn)
 q - a +0 pair of boots (worn)
 B - a +2 plate armour of magic resistance (worn)
Jewellery
 h - a +4 amulet of reflection (around neck)
 F - a +3 ring of strength (right hand)
 G - a +5 ring of intelligence (left hand)
Wands
 v - a wand of disintegration (5)
 D - a wand of random effects (23)
Scrolls
 c - a scroll of magic mapping
 n - 2 scrolls of blinking
 s - 3 scrolls of remove curse
 y - 6 scrolls of teleportation
Potions
 d - 3 potions of might
 e - a potion of cancellation
 i - a potion of magic
 j - 3 potions of berserk rage
 k - a potion of mutation
 m - 2 potions of brilliance
 o - a potion of resistance
 p - 2 potions of curing
 r - 2 potions of haste
 u - 2 potions of lignification {unknown}
 x - 2 potions of agility {unknown}
 z - a potion of ambrosia {unknown}
 A - 2 potions of heal wounds {unknown}
 C - 2 potions of flight {unknown}
Comestibles
 f - 12 rations
 g - 28 chunks of flesh


   Skills:
 + Level 6.0 Fighting
 * Level 10.9 Axes
 + Level 5.2 Armour
 - Level 5.0 Dodging
 + Level 8.4 Shields
 - Level 1.0 Spellcasting
 - Level 1.0 Hexes
 - Level 5.0 Invocations
 + Level 4.5 Evocations


You had 10 spell levels left.
You knew the following spells:

 Your Spells              Type           Power        Failure   Level  Hunger
a - Corona                Hex            #......      100%        1    ##.....

Your spell library contained the following spells:

 Spells                   Type           Power        Failure   Level  Hunger
 Animate Skeleton         Necr           N/A          100%        1    ##.....
 Apportation              Tloc           #.....       100%        1    ##.....
 Confusing Touch          Hex            #.....       100%        1    ##.....
 Sandblast                Erth           #.....       100%        1    ##.....
 Summon Small Mammal      Summ           #...         100%        1    ##.....
 Ensorcelled Hibernation  Hex/Ice        #.....       100%        2    ###....
 Passwall                 Tmut/Erth      #.......     100%        2    ###....
 Swiftness                Chrm/Air       #.......     100%        2    ###....
 Confuse                  Hex            #.......     100%        3    ####...
 Dazzling Spray           Conj/Hex       #.....       100%        3    ####...
 Stone Arrow              Conj/Erth      #.....       100%        3    ####...
 Tukima's Dance           Hex            #.......     100%        3    ####...
 Passage of Golubria      Tloc           N/A          100%        4    #####..
 Petrify                  Tmut/Erth      #.......     100%        4    #####..
 Lee's Rapid Deconstruct  Erth           #.........   100%        5    ######.
 Darkness                 Hex            #.........   100%        6    #######
 Invisibility             Hex            #.......     100%        6    #######


Dungeon Overview and Level Annotations

Branches:
Dungeon (9/15)             Temple (1/1) D:6            Lair (0/6) D:9
    Orc: D:9-12

Altars:
Ashenzari
Cheibriados
Dithmenos
Elyvilon
Fedhas
Gozag
Hepliaklqana
Kikubaaqudgha
Makhleb
Nemelex Xobeh
Okawaru
Qazlal
Ru
Sif Muna
Trog
Uskayaw
Vehumet
Wu Jian
Xom
Yredelemnul
Zin
The Shining One

Shops:
D:8 }


Innate Abilities, Weirdness & Mutations

You reflexively headbutt those who attack you in melee.
You have a pair of horns on your head.
Your life essence is reduced to manifest your ancestor. (-10% HP)


Message History

You slash the yak!
The porcupine twitches its whiskers.
The orc completely misses the plant.
The orc wizard hits the fungus with a dagger.
The bullfrog barely misses you. You block the yak's attack.
The adder bites the fungus but does no damage.
You block the orc warrior's attack.
Your plate armour prevents you from hitting the bullfrog.
Your headbutt misses the bullfrog. You slash the yak!
Lightning courses through the yak! You slash the yak!
You kill the yak!
Your Fighting skill increases to level 6!
You block the bullfrog's attack.
The adder bites the plant but does no damage.
The orc wizard casts a spell.
The orc wizard seems to speed up.
You block the yak's attack. The bullfrog completely misses you.
The orc priest invokes the aid of Beogh against you.
Beogh smites you!
You die...

.P....PP....P.#...))#..##
........PP.P.##(..)))).##
...o.t..P....##...)(##...
.SooPP..P.P..##...)[##.##
.PP.P..o..... #.....##.#
...PY.rrO.# ########.#
.P..oYoYr.##.# #..##.#
.P.P..##FY##.# #..##.#
##.#. #@.##.# #..##.# ..
#..##.# #..##.# ##
#..##.# #..##.# #..##.#
#..##.# #..##.# #..##.##
...##..##.#####.......
.......................
#######################


You could see a two-headed ogre, 2 yaks, a crocodile, a bullfrog, 3 porcupines,
an orc priest and an orc wizard.

Vanquished Creatures
  A two-headed ogre (D:9)
  The ghost of mopl the Sneak, a novice FoEn of Okawaru (D:6)
  Grinder (D:3)
  2 yaks (D:9)
  A water moccasin (D:7)
  A sky beast (D:5)
  A black bear (D:7)
  5 orc warriors
  A phantom (D:7)
  3 ogres
  A centaur (D:7)
  A crocodile (D:9)
  A big kobold (D:8)
  4 bullfrogs
  3 scorpions
  A wyvern skeleton (D:7)
  3 wights (D:8)
  3 howler monkeys
  5 crimson imps
  A bullfrog zombie (D:6)
  2 hounds (D:7)
  5 orc priests
  2 bullfrog skeletons
  6 orc wizards
  Crazy Yiuf (D:2)
  Jessica (D:3)
  5 worker ants
  A killer bee zombie (D:7)
  A hound skeleton (D:7)
  9 gnolls
  A worker ant zombie (D:8)
  7 adders
  2 shadow imps (D:7)
  An ooze (D:1)
  A worm (D:4)
  3 dart slugs
  5 leopard geckos
  39 orcs
  2 ball pythons
  9 bats
  4 giant cockroaches
  6 hobgoblins
  13 jackals
  13 kobolds
  8 quokkas
  5 frilled lizards
  3 goblins
  A jackal skeleton (D:5)
  A quokka zombie (D:5)
  6 rats
203 creatures vanquished.

Vanquished Creatures (collateral kills)
  A bullfrog (D:8)
  A gnoll sergeant (D:8)
  An orc priest (D:4)
  A centaur skeleton (D:7)
  A hound (D:8)
  An iguana (D:6)
  5 adders
  An adder skeleton (D:4)
  2 orcs
  2 jackals
  A frilled lizard (D:5)
  A kobold (D:3)
  A plant (D:9)
19 creatures vanquished.

Vanquished Creatures (others)
  2 hexers (D:9)
  35 fungi (D:9)
  20 plants (D:9)
57 creatures vanquished.

Grand Total: 279 creatures vanquished

Notes
Turn   | Place    | Note
-------+----------+-------------------------------------------
     0 | D:1      | Gildeon the Minotaur Fighter began the quest for the Orb.
     0 | D:1      | Reached XP level 1. HP: 19/19 MP: 0/0
    63 | D:1      | Reached XP level 2. HP: 25/27 MP: 1/1
    76 | D:1      | Reached skill level 3 in Axes
   299 | D:1      | Reached skill level 1 in Dodging
   299 | D:1      | Reached XP level 3. HP: 25/33 MP: 2/2
  1035 | D:2      | Found a runed door.
  1039 | D:2      | Noticed Crazy Yiuf
  1043 | D:2      | Killed Crazy Yiuf
  1043 | D:2      | Reached XP level 4. HP: 40/40 MP: 3/3
  1138 | D:2      | Reached skill level 4 in Axes
  1567 | D:2      | Found a blossoming altar of Fedhas.
  1865 | D:3      | Found a hazy altar of Hepliaklqana.
  1881 | D:3      | Reached XP level 5. HP: 47/47 MP: 4/4
  1882 | D:3      | Noticed Jessica
  1900 | D:3      | Killed Jessica
  1917 | D:3      | Became a worshipper of Hepliaklqana the Forgotten
  2135 | D:3      | Noticed Grinder
  2147 | D:3      | Killed Grinder
  2147 | D:3      | Reached skill level 5 in Axes
  2147 | D:3      | Reached XP level 6. HP: 24/49 MP: 5/5
  2355 | D:3      | Found an ancient bone altar of Kikubaaqudgha.
  2474 | D:4      | Reached * piety under Hepliaklqana
  2481 | D:4      | Reached skill level 5 in Shields
  2489 | D:4      | Reached skill level 5 in Fighting
  2531 | D:4      | Reached skill level 5 in Armour
  2531 | D:4      | Reached XP level 7. HP: 21/54 MP: 6/6
  2543 | D:4      | Reached skill level 6 in Axes
  3034 | D:4      | Reached skill level 1 in Invocations
  3441 | D:5      | Entered Level 5 of the Dungeon
  3460 | D:5      | Reached skill level 1 in Evocations
  3531 | D:5      | Reached skill level 7 in Axes
  3535 | D:5      | Reached XP level 8. HP: 45/61 MP: 8/8
  3536 | D:5      | Reached ** piety under Hepliaklqana
  3558 | D:5      | Remembered your ancestor Tiberia as a hexer
  3586 | D:5      | Found a sparkling altar of Nemelex Xobeh.
  4484 | D:6      | Found a staircase to the Ecumenical Temple.
  4529 | Temple   | Entered the Ecumenical Temple
  4611 | Temple   | Reached *** piety under Hepliaklqana
  4924 | D:6      | Learned a level 1 spell: Corona
  5377 | D:6      | Found a runed door.
  5378 | D:6      | Noticed mopl's ghost (novice FoEn)
  5402 | D:6      | Killed mopl's ghost
  5402 | D:6      | Reached skill level 8 in Axes
  5756 | D:7      | Reached skill level 5 in Dodging
  5780 | D:7      | Reached XP level 9. HP: 66/66 MP: 10/10
  5857 | D:7      | Found a snail-covered altar of Cheibriados.
  6177 | D:7      | Reached skill level 9 in Axes
  6276 | D:7      | Reached skill level 1 in Spellcasting
  6528 | D:8      | Found Iqaix's Gadget Emporium.
  6984 | D:8      | Reached skill level 1 in Hexes
  7021 | D:8      | Reached skill level 10 in Axes
  7295 | D:8      | Reached **** piety under Hepliaklqana
  7744 | D:9      | Noticed a two-headed ogre
  7753 | D:9      | Killed a two-headed ogre
  7753 | D:9      | Reached XP level 10. HP: 62/72 MP: 12/12
  7885 | D:9      | Noticed a two-headed ogre
  7890 | D:9      | Found a staircase to the Lair.
  7893 | D:9      | Reached skill level 5 in Invocations
  7904 | D:9      | Killed from afar by an orc priest

Vault maps used:
D:1:      matt_arrival_refuge, minmay_box_of_dots
D:2:      grunt_ministairs_9, fedhas_altar_1, uniq_crazy_yiuf_cottage
D:3:      kiku_gazebo_pond_becter, first_ration, lemuel_tele_altar,
          uniq_grinder, uniq_jessica
D:5:      basic_altar, palyth_stone_intersect, kennysheep_crisscross,
          feat_on_display
D:6:      minmay_temple_entry_steel_oval, gammafunk_ghost_grave
D:7:      kennysheep_windowed_halls, nicolae_overflow_crystal_walls
D:8:      serial_shops, shop_fountains
D:9:      due_lair_maze_entry_diamond, special_room
Temple:   regret_index_temple_chain_breaker

Skill      XL: |  1  2  3  4  5  6  7  8  9 10 |
---------------+-------------------------------+-----
Axes           | 3 4 5 7 8 10 | 10.9
Dodging        | 1 2 3 5 |  5.0
Fighting       | 4 5 6 |  6.0
Shields        | 4 5 7 8 |  8.4
Armour         | 4 5 |  5.2
Invocations    | 1 3 4 5 |  5.0
Evocations     | 1 2 4 |  4.5
Spellcasting   | 1 |  1.0
Hexes          | 1 |  1.0

Action                   |  1- 3 |  4- 6 |  7- 9 | 10-12 || total
-------------------------+-------+-------+-------+-------++-------
Melee: War axe           |    69 |    86 |   276 |    30 ||   461
       Headbutt          |     7 |    15 |    43 |     3 ||    68
Invok: Ancestor Identity |       |     1 |       |     1 ||     2
       Recall Ancestor   |       |       |     1 |       ||     1
       Ancestor Life: He |       |       |     1 |       ||     1
  Use: Scroll            |     3 |     9 |    11 |       ||    23
       Potion            |       |       |       |     3 ||     3
 Stab: Distracted        |       |       |     4 |       ||     4
  Eat: Chunk             |       |     5 |    13 |     1 ||    19
       Ration            |       |       |     1 |       ||     1
Armor: Scale mail        |    35 |    36 |    14 |       ||    85
       Chain mail        |       |       |    15 |       ||    15
       Plate armour      |       |       |    22 |    19 ||    41
Dodge: Dodged            |    25 |    37 |    48 |    11 ||   121
Block: Shield            |    46 |    81 |   108 |       ||   235
       Reflection        |     2 |     4 |     2 |     2 ||    10
       Large shield      |       |       |   128 |    59 ||   187

Table legend:
 A = Non-vault XP
 B = Vault XP
 C = Vault XP percentage of total XP
 D = Non-vault monster count
 E = Vault monster count
 F = Vault count percentage of total count
                 A         B        C        D         E       F
            +---------+---------+-------+---------+---------+-------
      Total |    4806 |    2262 |  32.0 |     170 |      51 |  23.1
            +---------+---------+-------+---------+---------+-------
        D:1 |      65 |       6 |   8.5 |      25 |       3 |  10.7
        D:2 |      78 |      42 |  35.0 |      17 |       3 |  15.0
        D:3 |      56 |     314 |  84.9 |      19 |       2 |   9.5
        D:4 |     658 |       0 |   0.0 |      26 |       0 |   0.0
        D:5 |     621 |       0 |   0.0 |      27 |       0 |   0.0
        D:6 |     105 |     514 |  83.0 |       8 |       1 |  11.1
        D:7 |     566 |     678 |  54.5 |      11 |      15 |  57.7
        D:8 |    1280 |       0 |   0.0 |      31 |       0 |   0.0
        D:9 |    1377 |     708 |  34.0 |       6 |      27 |  81.8
            +---------+---------+-------+---------+---------+-------
